 Dungeon Sprint DCSS version 0.17-a0-1311-gbcbd859 (webtiles) character file.

2800000 Kidiri the Conqueror (level 21, -68/265 HPs)
             Began as an Ogre Fighter on June 8, 2015.
             Was the Champion of Makhleb.
             Annihilated by The Servant
             ... wielding a +9 glaive of flaming
              (147 damage)
             ... in the Dungeon (Sprint VIII: "Arena of Blood").
             The game lasted 00:02:12 (28 turns).

Kidiri the Conqueror (Ogre Fighter)                   Turns: 28, Time: 00:02:13

Health: -68/265    AC:  4    Str: 27    XL:     21   Next: 67%
Magic:  8/47       EV: 28    Int:  7    God:    Makhleb [******]
Gold:   0          SH:  0    Dex: 16    Spells: 0 memorised, 64 levels left

rFire  . . .     SeeInvis .     l - +∞ Axe of Woe
rCold  . . .     Clarity  .     b - +0 robe
rNeg   . . .     SustAt   .     (no shield)
rPois  .         Gourm    .     (helmet restricted)
rElec  .         Spirit   .     (no cloak)
rCorr  .         Warding  .     (gloves unavailable)
rMut   .         NoTele   +     (boots unavailable)
MR     ++...                    (no amulet)
Stlth  ++++++....               (no ring)
                                (no ring)

@: very resistant to hostile enchantments, very stealthy
A: unfitting armour, tough skin 1
a: Minor Destruction, Lesser Servant of Makhleb, Major Destruction, Greater
Servant of Makhleb, Renounce Religion


You were in the Dungeon.
You worshipped Makhleb.
Makhleb was exalted by your worship.
You were not hungry.

You visited 1 branch

Inventory:

Hand weapons
 l - the +∞ Axe of Woe (weapon)
   (You found it in the Dungeon)
Armour
 b - a +0 robe (worn)
 c - a +0 shield
Scrolls
 k - a scroll of blinking
Potions
 d - a potion of might
 f - a potion of curing
 g - a potion of heal wounds
 h - a potion of haste
 i - 2 potions of magic
 j - a potion of berserk rage
Comestibles
 e - a bread ration


   Skills:
 O Level 27 Fighting
 + Level 16.9 Axes
 O Level 27 Throwing
 + Level 18.2 Armour
 O Level 27 Dodging
 O Level 27 Stealth
 + Level 19.6 Shields
 + Level 19.5 Unarmed Combat
 + Level 22.4 Spellcasting
 O Level 27 Invocations


You had 64 spell levels left.
You didn't know any spells.

Dungeon Overview and Level Annotations

Branches:
Dungeon (1/1)

Altars:
Makhleb

Annotations:
D The Servant


Innate Abilities, Weirdness & Mutations

You are too large for most types of armour.
You have tough skin (AC +1).


Message History

A meat berserker comes into view. It is wielding a +9 battleaxe.
You hit the meat berserker.
You butcher the meat berserker messily.
You kill the meat berserker!
Makhleb accepts your kill.
You feel a little better.
Your Armour skill increases to level 18!
Your Unarmed Combat skill increases to level 19!
Your Spellcasting skill increases to level 22!
You hear a shout! x3
The meat berserker rages.
You hear a shout! x2
A bag of meat comes into view. It is wielding a +9 war axe.
You hear a shout!
The bag of meat is engulfed in roaring flames.
The bag of meat hits you with a +9 war axe!
* * * LOW HITPOINT WARNING * * *
You hear a shout! x2
The Servant hits you from afar with a +9 glaive of flaming!!!!!
Ouch! That really hurt!
You die...

.... ....... ..
..... .. #.... .#
.. #... ..#
...###oo. ..###.
...D%.o@###......
#....oCo§§)......
.....#@§§)%#....
... #§§§%_# . .
#o.OO.#
....._.%%..
...%.V###......
.###.o. ..###.
#.o. ..# #... ..#
.. ..


You could see The Servant, an eight-headed meat hydra, a destroyer, a large bag
of meat (inner flame), 2 meat berserkers and 8 bags of meat.

Vanquished Creatures
  6 ogres (D)
  18 orcs (D)
  A hill giant (D)
25 creatures vanquished.

Notes
Turn   | Place    | Note
--------------------------------------------------------------
     0 | D        | Kidiri the Ogre Fighter began the quest for the Orb.
     0 | D        | Reached XP level 1. HP: 24/24 MP: 1/1
     2 | D        | Noticed a bag of meat
     2 | D        | Noticed a bag of meat
     3 | D        | Noticed a bag of meat
     4 | D        | Noticed a bag of meat
     5 | D        | Noticed a bag of meat
     5 | D        | Noticed a bag of meat
     5 | D        | Noticed a bag of meat
     5 | D        | Noticed a bag of meat
     7 | D        | Noticed a bag of meat
     8 | D        | Noticed a bag of meat
     9 | D        | Became a worshipper of Makhleb the Destroyer
    10 | D        | Noticed a bag of meat
    10 | D        | Killed a bag of meat
    10 | D        | Reached skill level 22 in Fighting
    10 | D        | Reached XP level 2. HP: 27/71 MP: 1/10
    10 | D        | Reached XP level 3. HP: 30/79 MP: 1/11
    10 | D        | Reached XP level 4. HP: 33/89 MP: 1/13
    10 | D        | Reached XP level 5. HP: 35/97 MP: 1/14
    10 | D        | Reached XP level 6. HP: 38/107 MP: 1/16
    10 | D        | Reached XP level 7. HP: 41/117 MP: 1/17
    10 | D        | Reached XP level 8. HP: 44/126 MP: 1/18
    10 | D        | Reached XP level 9. HP: 47/135 MP: 1/19
    10 | D        | Reached XP level 10. HP: 50/144 MP: 1/20
    10 | D        | Reached XP level 11. HP: 53/153 MP: 1/21
    10 | D        | Reached XP level 12. HP: 56/163 MP: 1/22
    11 | D        | Killed a bag of meat
    11 | D        | Acquired Makhleb's first power
    11 | D        | Reached skill level 25 in Fighting
    11 | D        | Reached XP level 13. HP: 59/182 MP: 1/25
    11 | D        | Killed a bag of meat
    11 | D        | Reached skill level 27 in Fighting
    11 | D        | Reached XP level 14. HP: 62/198 MP: 1/26
    11 | D        | Killed a bag of meat
    11 | D        | Acquired Makhleb's second power
    11 | D        | Noticed a bag of meat
    12 | D        | Noticed a meat berserker
    12 | D        | Killed a bag of meat
    12 | D        | Reached XP level 15. HP: 33/206 MP: 1/29
    12 | D        | Killed a bag of meat
    12 | D        | Acquired Makhleb's third power
    12 | D        | Killed a bag of meat
    12 | D        | Reached skill level 27 in Dodging
    12 | D        | Reached XP level 16. HP: 80/217 MP: 1/31
    13 | D        | Killed a bag of meat
    13 | D        | Killed a bag of meat
    13 | D        | Acquired Makhleb's fourth power
    13 | D        | Reached skill level 27 in Invocations
    13 | D        | Reached skill level 10 in Throwing
    13 | D        | Noticed a bag of meat
    14 | D        | Noticed a meat berserker
    14 | D        | Noticed a bag of meat
    14 | D        | Killed a bag of meat
    14 | D        | Reached skill level 15 in Throwing
    14 | D        | Reached XP level 17. HP: 48/226 MP: 2/34
    14 | D        | Killed a meat berserker
    14 | D        | Acquired Makhleb's fifth power
    15 | D        | Noticed a bag of meat
    15 | D        | Killed a meat berserker
    15 | D        | Reached XP level 18. HP: 225/236 MP: 3/35
    16 | D        | Noticed a bag of meat
    16 | D        | Killed a bag of meat
    17 | D        | Noticed a bag of meat
    17 | D        | Noticed a bag of meat
    17 | D        | Noticed a meat berserker
    17 | D        | Killed a bag of meat
    17 | D        | Reached skill level 27 in Throwing
    17 | D        | Killed a bag of meat
    17 | D        | Reached XP level 19. HP: 245/245 MP: 3/36
    18 | D        | Noticed a bag of meat
    18 | D        | Killed a meat berserker
    18 | D        | Reached skill level 27 in Stealth
    19 | D        | Noticed a meat berserker
    19 | D        | Killed a bag of meat
    19 | D        | Reached skill level 10 in Shields
    19 | D        | Killed a bag of meat
    19 | D        | Reached skill level 10 in Armour
    20 | D        | Noticed a large bag of meat
    20 | D        | Killed a bag of meat
    20 | D        | Reached XP level 20. HP: 256/256 MP: 5/38
    21 | D        | Killed a bag of meat
    21 | D        | Killed a meat berserker
    21 | D        | Reached skill level 15 in Unarmed Combat
    22 | D        | Noticed a meat berserker
    23 | D        | Noticed a bag of meat
    23 | D        | Noticed a meat berserker
    23 | D        | Killed a bag of meat
    23 | D        | Reached skill level 15 in Armour
    24 | D        | Noticed a bag of meat
    24 | D        | Noticed a bag of meat
    24 | D        | Noticed a large bag of meat
    24 | D        | Noticed The Servant
    24 | D        | Noticed a bag of meat
    25 | D        | Noticed a bag of meat
    25 | D        | Noticed a bag of meat
    25 | D        | Killed a large bag of meat
    25 | D        | Reached skill level 15 in Axes
    25 | D        | Reached XP level 21. HP: 106/265 MP: 7/45
    25 | D        | Killed a meat berserker
    26 | D        | Noticed an eight-headed meat hydra
    26 | D        | Noticed a bag of meat
    26 | D        | Noticed a destroyer
    26 | D        | Noticed a meat berserker
    27 | D        | Noticed a meat berserker
    27 | D        | Killed a meat berserker
    28 | D        | Noticed a bag of meat
    28 | D        | Annihilated by The Servant

Vault maps used:
D:        meatsprint

Action                   |  1- 3 |  4- 6 |  7- 9 | 10-12 | 13-15 | 16-18 | 19-21 || total
-------------------------+-------+-------+-------+-------+-------+-------+-------++-------
Melee: Executioner's axe |     1 |       |       |     1 |     1 |     5 |     7 ||    15
